AoeStats
← zephyrutia

Arena

506156574Analyzed
2v2 RM · 20d ago on Sep 12, 2026· 50m 52s· 4 players
Game mode
Random Map
Map size
Medium (4 player)
Population
200
Speed
Normal
Resources
Standard
Victory
Conquest
Starting age
Dark Age
Ending age
Imperial Age
RankedLock teamsTeams togetherTeam positionsShared explorationLock speedFull tech treeHidden civsTurbo modeCheats
Victory
Defeat
🇹🇷 Vietnamese · Türkiye
929
+17
🇨🇳 Franks · China
897
+18
🇳🇵 Mongols · Nepal
952
-53
🇺🇸 Teutons · United States
926
-32
3129902668
0:33 Loom
10:41 Feudal Age
11:33 Double-Bit Axe
18:52 Castle Age
17:01 Gold Mining
17:42 Stone Mining
20:54 Bow Saw
21:51 Gold Shaft Mining
28:11 Imperial Age
26:09 Scale Barding Armor
26:38 Husbandry
33:33 Chain Barding Armor
35:22 Wheelbarrow
35:55 Cavalier
37:16 Plate Barding Armor
38:48 Forging
38:39 Scale Mail Armor
40:52 Chain Mail Armor
41:13 Iron Casting
42:09 Plate Mail Armor
44:19 Blast Furnace
45:19 Conscription
46:54 Paladin
48:42 Chemistry
Trabzonli Bela
5:52 Loom
10:32 Feudal Age
15:17 Castle Age
14:11 Double-Bit Axe
14:10 Horse Collar
31:08 Imperial Age
29:54 Squires
30:22 Forging
30:14 Scale Mail Armor
32:52 Elite Fire Lancer
33:49 Town Watch
34:45 Bow Saw
36:19 Chemistry
35:39 Chain Mail Armor
35:59 Iron Casting
35:16 Fletching
35:27 Padded Archer Armor
36:09 Arson
37:22 Ballistics
38:39 Bodkin Arrow
39:01 Leather Archer Armor
39:02 Elite Skirmisher
40:01 Imperial Skirmisher
43:08 Pikeman
44:28 Plate Mail Armor
43:59 Bracer
44:30 Ring Archer Armor
44:34 Man-at-Arms
44:42 Halberdier
50:39 Paper Money
zephyrutia
7:11 Loom
10:07 Feudal Age
14:59 Castle Age
14:36 Double-Bit Axe
22:45 Scale Barding Armor
25:38 Chain Barding Armor
25:28 Town Watch
33:44 Imperial Age
36:26 Elite Teutonic Knight
39:42 Cavalier
40:34 Bloodlines
43:41 Fletching
45:22 Bodkin Arrow
Blast
6:22 Loom
9:45 Feudal Age
11:40 Double-Bit Axe
13:20 Horse Collar
20:21 Castle Age
19:16 Fletching
21:26 Thumb Ring
21:58 Bow Saw
25:27 Thumb Ring
26:20 Bodkin Arrow
28:09 Padded Archer Armor
29:30 Nomads
34:03 Imperial Age
34:50 Leather Archer Armor
34:16 Heavy Cavalry Archer
38:59 Parthian Tactics
38:29 Elite Mangudai
41:18 Heavy Scorpion
42:23 Drill
47:45 Bracer
50:08 Hoardings
Connection lost

Rejoining the realm…

Still unreachable

The connection could not be restored.

Session expired

The server has moved on; the page needs a fresh start.